 Seeded DCSS version 0.29.1-15-g9cfb28693d (webtiles) character file.

Game seed: 8515177902725472229 (custom seed)

2 Psyclone the Conjurer (level 1, 10/10 HPs)
             Began as a Deep Elf Conjurer on Oct 4, 2023.
             Quit the game on level 1 of the Dungeon.
             The game lasted 00:00:47 (139 turns).

Psyclone the Conjurer (Deep Elf Conjurer)            Turns: 139, Time: 00:00:48

Health: 10/10      AC:  3    Str:  4    XL:     1   Next: 25%
Magic:  6/6        EV: 12    Int: 22    God:
Gold:   0          SH:  0    Dex: 13    Spells: 5/6 levels left

rFire   + . .      SeeInvis .   (no weapon)
rCold   . . .      Faith    .   (no shield)
rNeg    . . .      Spirit   .   a - +0 robe
rPois   .          Reflect  .   (no helmet)
rElec   .          Harm     .   (no cloak)
rCorr   .          Rampage  .   (no gloves)
Will    +....                   (no boots)
Stlth   ++........              (no amulet)
HPRegen 0.03/turn               (no ring)
MPRegen 0.10/turn               (no ring)

@: no status effects
A: fire resistance 1, strong-willed 1, shaggy fur 1, wild magic 1
a: no special abilities


You were on level 1 of the Dungeon.
You visited 1 branch of the dungeon, and saw 1 of its levels.

Inventory:

Armour
 a - a +0 robe (worn)
Potions
 b - a potion of magic
 c - a potion of curing {unknown}


   Skills:
 + Level 2.4 Dodging
 + Level 2.5 Stealth
 + Level 3.0 Spellcasting
 + Level 4.4 Conjurations


You had 5 spell levels left.
You knew the following spells:

 Your Spells              Type           Power      Damage    Failure   Level
a - Magic Dart            Conj           100%       1d8       3%          1

Your spell library contained the following spells:

 Spells                   Type           Power      Damage    Failure   Level
 Searing Ray              Conj           58%        2d6       5%          2
 Dazzling Flash           Conj/Hex       34%        N/A       22%         3
 Passwall                 Tmut/Erth      3%         N/A       26%         2
 Fulminant Prism          Conj/Hex       8%         3d7       54%         4
 Iskenderun's Mystic Bla  Conj/Tloc      17%        2d5       54%         4
 Leda's Liquefaction      Hex/Erth       2%         N/A       83%         4
 Petrify                  Tmut/Erth      4%         N/A       83%         4
 Haunt                    Necr/Summ      2%         N/A       100%        7
 Monstrous Menagerie      Summ           2%         N/A       100%        7
 Shatter                  Erth           2%         3d6*      100%        9


Dungeon Overview and Level Annotations

Branches:
Dungeon (1/15) Zot: 5861

Altars:


Innate Abilities, Weirdness & Mutations

Your flesh is heat resistant. (rF+)
You are strong-willed. (Will+)
You are covered in fur. (AC +1)
Your spells are a little harder to cast, but a little more powerful.


Message History

There is an open door here.
There is an open door here.
You see here 5 stones.
c - an amethyst potion
Found a scroll labelled PARPHUNOUG.
A bat comes into view.
Found an amethyst potion.
Casting: Magic Dart (safe; 3% risk of failure)
Confirm with . or Enter, or press ? or * to list all spells.
Aiming: Magic Dart (safe; 3% risk of failure)
Press: ? - help, Shift-Dir - straight line, f - bat
Aim: a bat (asleep, 100% to hit)
The magic dart hits the bat!
You kill the bat!
A rat comes into view.
Casting: Magic Dart (safe; 3% risk of failure)
Confirm with . or Enter, or press ? or * to list all spells.
Aiming: Magic Dart (safe; 3% risk of failure)
Press: ? - help, Shift-Dir - straight line, f - rat
Aim: a rat (wandering, hasn't noticed you, 100% to hit)
The magic dart hits the rat.
You kill the rat!
You now have 4/6 mp.
d - a scroll labelled PARPHUNOUG You see here a rat corpse.
There is a stone staircase leading down here.
MP restored: 6 This is a scroll of acquirement!
You see here the Grimoire of Telluric Production.
Something appears at your feet!
You pick up the Grimoire of Telluric Production and begin reading...
You add the spells Passwall, Leda's Liquefaction, Petrify, Haunt, Monstrous Menagerie and Shatter to your library.
You aren't carrying any pieces of jewellery.
Sorry, you're not good enough to have a special ability.
You aren't carrying any scrolls.
Okay, then.
You aren't carrying any scrolls.
Unknown command.
Unknown command.
Are you sure you want to abandon this character and quit the game? (Confirm with "yes".)

#... .##... ##
.....##. #...#..##
#.....##..
#.....##.#
#....>##.# ♣
#...#.##.# ♣♣♣ #..
#@##.#######♣♣♣♣..
#.
#.##..!...........
#
#.##..†...........
#.##.###..........
#.##.##...........
#.##.##♣.......#..
#....# ♣.......#..
###### ♣♣......#..
♣♣.....#..


There were no monsters in sight!

Vanquished Creatures
  A bat (D:1)
  A rat (D:1)
2 creatures vanquished.

Notes
Turn   | Place    | Note
-------+----------+-------------------------------------------
     0 | D:1      | Psyclone the Deep Elf Conjurer began the quest for the Orb.
     0 | D:1      | Reached XP level 1. HP: 10/10 MP: 6/6
    54 | D:1      | Gained mutation: You are covered in fur. (AC +1) [potion of
                  | mutation]
    54 | D:1      | Gained mutation: Your spells are a little harder to cast,
                  | but a little more powerful. [potion of mutation]
    54 | D:1      | Gained mutation: You are strong-willed. (Will+) [potion of
                  | mutation]
    54 | D:1      | Gained mutation: Your flesh is heat resistant. (rF+)
                  | [potion of mutation]
   121 | D:1      | Identified a scroll of acquirement
   121 | D:1      | Acquired the Grimoire of Telluric Production
   139 | D:1      | Quit the game

Illustrated notes

Levels and vault maps discovered:
D:1:      sevenhm_arrival_forest_fort_large_4, layout_basic,
          nrook_loot_triangle, minmay_lizard_pond

Action                   || total
-------------------------++-------
 Cast: Magic Dart        ||     2
  Use: Scroll            ||     1
       Potion            ||     1
